Ice Dragons vs Sasquatch (R1)

Created - 10 septembre 2014 at 19:29

Simulating a Pre-Season

Goals
1 2 3 T
Ice Dragons 4 4 0 8
Sasquatch 3 0 1 4
Shots
1 2 3 T
Ice Dragons 11 9 9 29
Sasquatch 11 17 3 31

1st period

1. Ice Dragons , John Mitchell 1 (Brad Staubitz, Kris Beech) at 2:59
2. Sasquatch , Joe Corvo 1 (Jakub Voracek, Derek Stepan) at 6:10 (PP)
3. Sasquatch , T.J. Oshie 2 (Keith Yandle, Jakub Voracek) at 10:24
4. Ice Dragons , Troy Brouwer 1 (Kris Beech) at 12:13
5. Ice Dragons , Kris Beech 2 (Adam Pardy, Shean Donovan) at 12:27
6. Ice Dragons , Shean Donovan 1 (Troy Brouwer, Kris Beech) at 12:39
7. Sasquatch , Oskar Osala 2 (Unassisted) at 18:39

Penalties :
Danny Syvret (Val) for Holding (Minor) at 6:06, Derek Stepan (Gat) for Interference (Minor) at 15:41

2nd period

8. Ice Dragons , Kris Beech 3 (Troy Brouwer, Danil Markov) at 0:21
9. Ice Dragons , John Mitchell 2 (Brad Staubitz) at 1:16
10. Ice Dragons , Troy Brouwer 2 (Shean Donovan, Adam Pardy) at 3:54
11. Ice Dragons , Troy Brouwer 3 (Danil Markov, Kris Beech) at 7:59

Penalties :
Derek Stepan (Gat) for Interference (Minor) at 8:06, Brayden McNabb (Val) for Hooking (Minor) at 12:50, Kyle Clifford (Gat) for Hooking (Minor) at 15:08

3rd period

12. Sasquatch , Jakub Voracek 2 (Jake Gardiner, Ryan O'Reilly) at 10:23

Penalties :
Tim Kennedy (Val) for Holding (Minor) at 1:17, Jakub Voracek (Gat) for Goalie Interference (Minor) at 8:17, Brandon Bochenski (Gat) for Fighting (Major) at 13:28, Denis Shvidki (Val) for Fighting (Major) at 13:28, Denis Shvidki (Val) for instigated a fight (Minor) at 13:28, Denis Shvidki (Val) for instigated a fight (10 Minutes Misconduct) at 13:28

Goalie Stats

Todd Ford (Val), 27 saves from 31 shots - (0,871), W, 1-1-0, 60:00 minutes
Anders Lindback (Gat), 17 saves from 21 shots - (0,810), 44:40 minutes
Jonas Gustavsson (Gat), 4 saves from 8 shots - (0,500), L, 1-1-0, 15:20 minutes

Players Stats for Ice Dragons

Player Name              G  A  P  +/- PIM S  H  SB GA TA FO     MP     PP MP  PK MP  
------------------------------------------------------------------------------------
Adam Pardy               0  2  2   4  0   0  1  2  0  1  0/0    23:47   5:06   3:49 
Brad Staubitz            0  2  2  -1  0   1  0  0  0  2  0/1    11:34   0:00   0:00 
Brayden McNabb           0  0  0   0  2   0  0  0  0  0  0/0     6:38   0:00   0:00 
Danil Markov             0  2  2   4  0   2  4  1  1  1  0/0    23:47   5:06   3:49 
Danny Syvret             0  0  0   0  2   0  1  2  0  0  0/0    11:40   0:00   0:00 
Denis Shvidki            0  0  0   0  17  0  0  1  0  2  0/1    16:39   3:35   2:42 
Frazer Mclaren           0  0  0  -1  0   0  1  0  0  0  0/0    12:18   0:00   1:12 
Jim O'Brien              0  0  0   0  0   2  0  1  0  0  0/3     9:30   0:00   0:00 
John Mitchell            2  0  2  -1  0   4  2  0  0  0  0/3    12:23   0:00   0:59 
Jonathan Blum            0  0  0   0  0   0  0  0  0  0  0/0     6:20   0:00   0:00 
Kris Beech               2  4  6   6  0   4  0  1  1  0  20/28  18:57   4:21   0:44 
Logan MacMillan          0  0  0   0  0   0  0  0  1  0  0/0     9:44   0:00   0:12 
Marc-Antoine Pouliot     0  0  0   0  0   0  0  0  0  1  1/9    15:32   3:35   0:00 
Matt Walker              0  0  0   1  0   1  0  0  0  0  0/0    18:12   2:50   2:12 
Peter Harrold            0  0  0   1  0   0  0  0  2  1  0/0    18:12   2:50   2:12 
Raymond Sawada           0  0  0   0  0   0  0  0  0  0  0/0     9:30   0:00   0:00 
Shean Donovan            1  2  3   6  0   4  1  1  0  0  3/7    21:36   4:21   3:43 
Tim Kennedy              0  0  0   0  2   1  1  1  0  0  0/0    16:04   3:35   0:51 
Troy Brouwer             3  2  5   6  0   9  1  0  4  0  0/0    19:51   4:21   1:39 
Tyler Eckford            0  0  0   0  0   1  0  1  0  0  0/0    11:41   0:00   0:00 

Players Stats for Sasquatch

Player Name              G  A  P  +/- PIM S  H  SB GA TA FO     MP     PP MP  PK MP  
------------------------------------------------------------------------------------
Brandon Bochenski        0  0  0   0  5   2  1  0  2  0  0/0    10:09   0:49   0:00 
Cam Atkinson             0  0  0  -1  0   1  1  0  1  0  0/0    10:25   0:22   1:25 
D.J King                 0  0  0  -5  0   2  2  0  0  0  0/0    22:33   2:57   4:11 
Derek Stepan             0  1  1  -6  4   0  1  1  0  1  11/28  19:00   3:02   0:00 
Jake Gardiner            0  1  1  -6  0   1  2  1  0  1  0/0    26:59   3:20   4:46 
Jakub Voracek            1  2  3  -5  2   1  0  1  1  0  0/1    18:44   2:57   0:00 
Joe Corvo                1  0  1   0  0   2  0  3  0  1  0/0    22:28   3:43   4:04 
Keith Yandle             0  1  1  -6  0   4  2  2  1  2  0/0    23:13   2:18   3:10 
Kyle Clifford            0  0  0   0  2   1  1  0  0  0  0/0    11:07   0:00   0:58 
Matt Beleskey            0  0  0  -1  0   0  0  0  0  0  0/0     8:33   0:00   0:17 
Matt Donovan             0  0  0   0  0   0  0  1  0  1  0/0    14:18   0:00   0:42 
Matt Niskanen            0  0  0   0  0   1  1  3  1  1  0/0    19:53   2:18   3:10 
Oskar Osala              1  0  1   1  0   7  4  0  1  1  0/0    16:25   2:26   2:24 
Ryan O'Reilly            0  1  1   0  0   0  1  0  0  0  3/3    12:35   0:00   2:26 
Stephane Da Costa        0  0  0  -1  0   2  0  0  0  0  2/3     9:25   0:38   0:00 
T.J. Oshie               1  0  1   1  0   6  1  0  1  0  1/1    14:16   2:26   0:00 
Tyler Johnson            0  0  0   2  0   1  0  3  0  0  11/16  18:47   2:26   4:11 
Yann Sauvé               0  0  0   1  0   0  0  0  0  1  0/0    13:08   0:23   0:00 

3 Stars

1 - Troy Brouwer (Val)
2 - Kris Beech (Val)
3 - Shean Donovan (Val)

Power Play

Ice Dragons - 0 on 5 Attempt(s) - 0,00%
Sasquatch - 1 on 4 Attempt(s) - 25,00%

Penalty Kill

Ice Dragons - 3 on 4 Attempt(s) - 75,00% - Score 0 goal in Penalty Kill
Sasquatch - 5 on 5 Attempt(s) - 100,00% - Score 0 goal in Penalty Kill

Official

Referees : Banfield David and LaRue Dennis
Linesman : Jean Morin and Darren Gibbs

Game Notes

Jonas Gustavsson enters game at 12:39 of 1st period
18:39 of 1st period - Penalty Shot by Oskar Osala for Sasquatch - Goal!
Troy Brouwer has scored a Hat Trick!
Anders Lindback enters game at 7:59 of 2nd period
Brandon Bochenski beats up Denis Shvidki at 13:28 of 3rd period

Ice Dragons

5 vs 5 Forward 
   Center                   Left Wing                Right Wing               Time % Phy DF OF 
 1 Kris Beech               Troy Brouwer             Shean Donovan            40     1   2  2  
 2 Marc-Antoine Pouliot     Tim Kennedy              Denis Shvidki            30     1   2  2  
 3 John Mitchell            Frazer Mclaren           Brad Staubitz            20     1   2  2  
 4 Jim O'Brien              Logan MacMillan          Raymond Sawada           10     1   2  2  

5 vs 5 Defense 
   Defense                  Defense                                           Time % Phy DF OF 
 1 Danil Markov             Adam Pardy                                        40     1   2  2  
 2 Peter Harrold            Matt Walker                                       30     1   2  2  
 3 Danny Syvret             Tyler Eckford                                     20     1   2  2  
 4 Jonathan Blum            Brayden McNabb                                    10     1   2  2  

PowerPlay Forward 
   Center                   Left Wing                Right Wing               Time % Phy DF OF 
 1 Kris Beech               Troy Brouwer             Shean Donovan            60     1   2  2  
 2 Marc-Antoine Pouliot     Tim Kennedy              Denis Shvidki            40     1   2  2  

PowerPlay Defense
   Defense                  Defense                                           Time % Phy DF OF 
 1 Danil Markov             Adam Pardy                                        60     1   2  2  
 2 Peter Harrold            Matt Walker                                       40     1   2  2  

Penalty Kill 4 Players Forward 
   Center                   Wing                     Time % Phy DF OF 
 1 Shean Donovan            Denis Shvidki            60     1   2  2  
 2 Troy Brouwer             Kris Beech               40     1   2  2  

Penalty Kill 4 Players Defense
   Defense                  Defense                  Time % Phy DF OF 
 1 Danil Markov             Adam Pardy               60     1   2  2  
 2 Peter Harrold            Matt Walker              40     1   2  2  

Penalty Kill - 3 Players Forward 
   Forward                                           Time % Phy DF OF 
 1 Shean Donovan                                     60     1   2  2  
 2 Denis Shvidki                                     40     1   2  2  

Penalty Kill - 3 Players Defense
   Defense                  Defense                  Time % Phy DF OF 
 1 Danil Markov             Adam Pardy               60     1   2  2  
 2 Peter Harrold            Matt Walker              40     1   2  2  

4 vs 4 Forward 
   Center                   Wing                     Time % Phy DF OF 
 1 Shean Donovan            Denis Shvidki            60     1   2  2  
 2 Troy Brouwer             Kris Beech               40     1   2  2  

4 vs 4 Defense
   Defense                  Defense                  Time % Phy DF OF 
 1 Danil Markov             Adam Pardy               60     1   2  2  
 2 Peter Harrold            Matt Walker              40     1   2  2  

Last Minutes Offensive
   Center                   Left Wing                Right Wing               Defense                  Defense                  
   Kris Beech               Troy Brouwer             Shean Donovan            Danil Markov             Adam Pardy               

Last Minutes Defensive
   Center                   Left Wing                Right Wing               Defense                  Defense                  
   Kris Beech               Troy Brouwer             Shean Donovan            Danil Markov             Adam Pardy               

Goaltenders
Starting : Todd Ford                
Backup : Connor Knapp             

Extra Forwards
Normal : John Mitchell, Brad Staubitz, Frazer Mclaren - PP : John Mitchell, Brad Staubitz - PK : Frazer Mclaren
Extra Defensemen
Normal : Danny Syvret, Tyler Eckford, Jonathan Blum - PP : Danny Syvret - PK : Tyler Eckford, Jonathan Blum
Penalty Shots
Shean Donovan, Denis Shvidki, Troy Brouwer, Kris Beech, Marc-Antoine Pouliot

Sasquatch

5 vs 5 Forward 
   Center                   Left Wing                Right Wing               Time % Phy DF OF 
 1 Derek Stepan             D.J King                 Jakub Voracek            40     1   2  2  
 2 Tyler Johnson            Oskar Osala              T.J. Oshie               30     1   2  2  
 3 Ryan O'Reilly            Kyle Clifford            Brandon Bochenski        20     1   2  2  
 4 Stephane Da Costa        Matt Beleskey            Cam Atkinson             10     1   2  2  

5 vs 5 Defense 
   Defense                  Defense                                           Time % Phy DF OF 
 1 Keith Yandle             Jake Gardiner                                     40     1   2  2  
 2 Matt Donovan             Matt Niskanen                                     30     1   2  2  
 3 Yann Sauvé               Joe Corvo                                         20     1   2  2  
 4 Joe Corvo                Jake Gardiner                                     10     1   2  2  

PowerPlay Forward 
   Center                   Left Wing                Right Wing               Time % Phy DF OF 
 1 Derek Stepan             D.J King                 Jakub Voracek            60     1   2  2  
 2 Tyler Johnson            Oskar Osala              T.J. Oshie               40     1   2  2  

PowerPlay Defense
   Defense                  Defense                                           Time % Phy DF OF 
 1 Joe Corvo                Jake Gardiner                                     60     1   2  2  
 2 Keith Yandle             Matt Niskanen                                     40     1   2  2  

Penalty Kill 4 Players Forward 
   Center                   Wing                     Time % Phy DF OF 
 1 Tyler Johnson            D.J King                 60     1   2  2  
 2 Ryan O'Reilly            Oskar Osala              40     1   2  2  

Penalty Kill 4 Players Defense
   Defense                  Defense                  Time % Phy DF OF 
 1 Joe Corvo                Jake Gardiner            60     1   2  2  
 2 Keith Yandle             Matt Niskanen            40     1   2  2  

Penalty Kill - 3 Players Forward 
   Forward                                           Time % Phy DF OF 
 1 Tyler Johnson                                     60     1   2  2  
 2 T.J. Oshie                                        40     1   2  2  

Penalty Kill - 3 Players Defense
   Defense                  Defense                  Time % Phy DF OF 
 1 Joe Corvo                Yann Sauvé               60     1   2  2  
 2 Keith Yandle             Matt Donovan             40     1   2  2  

4 vs 4 Forward 
   Center                   Wing                     Time % Phy DF OF 
 1 Derek Stepan             Jakub Voracek            60     1   2  2  
 2 Ryan O'Reilly            T.J. Oshie               40     1   2  2  

4 vs 4 Defense
   Defense                  Defense                  Time % Phy DF OF 
 1 Joe Corvo                Jake Gardiner            60     1   2  2  
 2 Keith Yandle             Matt Niskanen            40     1   2  2  

Last Minutes Offensive
   Center                   Left Wing                Right Wing               Defense                  Defense                  
   Derek Stepan             D.J King                 Jakub Voracek            Joe Corvo                Jake Gardiner            

Last Minutes Defensive
   Center                   Left Wing                Right Wing               Defense                  Defense                  
   Tyler Johnson            D.J King                 T.J. Oshie               Joe Corvo                Jake Gardiner            

Goaltenders
Starting : Anders Lindback          
Backup : Jonas Gustavsson         

Extra Forwards
Normal : Brandon Bochenski, Stephane Da Costa, Cam Atkinson - PP : Brandon Bochenski, Stephane Da Costa - PK : Cam Atkinson
Extra Defensemen
Normal : Yann Sauvé, Joe Corvo, Matt Donovan - PP : Yann Sauvé - PK : Matt Niskanen, Matt Donovan
Penalty Shots
Cam Atkinson, Oskar Osala, T.J. Oshie, Brandon Bochenski, Jakub Voracek

% Time on Ice - Ice Dragons

Lines # - Real PCT - Wanted PCT - Time Play
Normal Forward
1 - 29% - 40% - 13:35
2 - 27% - 30% - 12:16
3 - 23% - 20% - 10:42
4 - 21% - 10% - 9:30
Normal Defense
1 - 32% - 40% - 14:52
2 - 29% - 30% - 13:10
3 - 25% - 20% - 11:41
4 - 14% - 10% - 6:20
PP Forward
1 - 55% - 60% - 4:21
2 - 45% - 40% - 3:35
PP Defense
1 - 64% - 60% - 5:06
2 - 36% - 40% - 2:50
PK Forward
1 - 88% - 60% - 5:19
2 - 12% - 40% - 0:42
PK Defense
1 - 63% - 60% - 3:49
2 - 37% - 40% - 2:12
PK3 Forward
1 - 0% - 60%
2 - 0% - 40%
PK3 Defense
1 - 0% - 60%
2 - 0% - 40%
44 Forward
1 - 0% - 60%
2 - 0% - 40%
44 Defense
1 - 0% - 60%
2 - 0% - 40%
Last Minute Offensive  - 0:00
Last Minute Defensive  - 0:00
Total
Forward - 60:00
Defense - 60:00

% Time on Ice - Sasquatch

Lines # - Real PCT - Wanted PCT - Time Play
Normal Forward
1 - 35% - 40% - 16:11
2 - 25% - 30% - 11:35
3 - 22% - 20% - 10:05
4 - 18% - 10% - 8:12
Normal Defense
1 - 34% - 40% - 15:49
2 - 33% - 30% - 15:12
3 - 26% - 20% - 11:58
4 - 7% - 10% - 3:04
PP Forward
1 - 60% - 60% - 3:35
2 - 40% - 40% - 2:26
PP Defense
1 - 62% - 60% - 3:43
2 - 38% - 40% - 2:18
PK Forward
1 - 70% - 60% - 5:32
2 - 30% - 40% - 2:24
PK Defense
1 - 60% - 60% - 4:46
2 - 40% - 40% - 3:10
PK3 Forward
1 - 0% - 60%
2 - 0% - 40%
PK3 Defense
1 - 0% - 60%
2 - 0% - 40%
44 Forward
1 - 0% - 60%
2 - 0% - 40%
44 Defense
1 - 0% - 60%
2 - 0% - 40%
Last Minute Offensive  - 0:00
Last Minute Defensive  - 0:00
Total
Forward - 60:00
Defense - 60:00

Play by Play

1st period


0:01 of 1st period - Derek Stepan wins face-off versus Kris Beech in neutral zone.
0:11 of 1st period - Slapshot by Troy Brouwer.
0:11 of 1st period - Shot Blocked by Jakub Voracek.
0:57 of 1st period - Danil Markov is hit by Kyle Clifford and loses puck.
1:22 of 1st period - Slapshot by Danil Markov.
1:22 of 1st period - Stopped by Anders Lindback with a rebound.
1:44 of 1st period - Slapshot by D.J King.
1:44 of 1st period - Stopped by Todd Ford with a rebound.
1:58 of 1st period - Yann Sauvé is hit by John Mitchell and loses puck.
2:57 of 1st period - Wrist shot by Brad Staubitz.
2:57 of 1st period - Shot Blocked by Keith Yandle.
2:59 of 1st period - Wrist shot by John Mitchell.
2:59 of 1st period - Goal by John Mitchell - Ice Dragons : 1 - Sasquatch : 0.
3:00 of 1st period - Kris Beech wins face-off versus Derek Stepan in neutral zone.
3:07 of 1st period - Wrist shot by Kris Beech.
3:07 of 1st period - Shot Misses the Net.
3:28 of 1st period - Snap shot by T.J. Oshie.
3:28 of 1st period - Stopped by Todd Ford without a rebound.
3:29 of 1st period - Tyler Johnson wins face-off versus Marc-Antoine Pouliot in Ice Dragons zone.
4:27 of 1st period - Snap shot by Brandon Bochenski.
4:27 of 1st period - Stopped by Todd Ford with a rebound.
4:37 of 1st period - Raymond Sawada is hit by Jake Gardiner and loses puck.
5:37 of 1st period - Off-side.
5:38 of 1st period - Ryan O'Reilly wins face-off versus John Mitchell in neutral zone.
6:06 of 1st period - Minor Penalty to Danny Syvret for Holding.
6:07 of 1st period - Derek Stepan wins face-off versus Denis Shvidki in Ice Dragons zone.
6:08 of 1st period - Snap shot by Jakub Voracek.
6:08 of 1st period - Shot Misses the Net.
6:10 of 1st period - Slapshot by Joe Corvo.
6:10 of 1st period - Goal by Joe Corvo - Ice Dragons : 1 - Sasquatch : 1.
6:11 of 1st period - Kris Beech wins face-off versus Derek Stepan in neutral zone.
7:27 of 1st period - Slapshot by Jake Gardiner.
7:27 of 1st period - Deflect By Kyle Clifford.
7:27 of 1st period - Stopped by Todd Ford with a rebound.
7:41 of 1st period - Backhand shot by Danil Markov.
7:41 of 1st period - Shot Blocked by Matt Niskanen.
8:09 of 1st period - Wrist shot by John Mitchell.
8:09 of 1st period - Stopped by Anders Lindback with a rebound.
8:11 of 1st period - Wrist shot by Brad Staubitz.
8:11 of 1st period - Shot Blocked by Matt Niskanen.
8:25 of 1st period - Slapshot by Matt Niskanen.
8:25 of 1st period - Stopped by Todd Ford with a rebound.
8:27 of 1st period - Slapshot by Matt Donovan.
8:27 of 1st period - Shot Misses the Net.
8:29 of 1st period - Wrist shot by Cam Atkinson.
8:29 of 1st period - Shot Misses the Net.
8:31 of 1st period - Backhand shot by Matt Niskanen.
8:31 of 1st period - Shot Misses the Net.
8:33 of 1st period - Wrist shot by Matt Beleskey.
8:33 of 1st period - Shot Misses the Net.
8:49 of 1st period - Snap shot by Kris Beech.
8:49 of 1st period - Shot Blocked by Joe Corvo.
9:35 of 1st period - Icing by Brayden McNabb.
9:36 of 1st period - Marc-Antoine Pouliot wins face-off versus Stephane Da Costa in Ice Dragons zone.
10:20 of 1st period - Snap shot by Jakub Voracek.
10:20 of 1st period - Shot Misses the Net.
10:22 of 1st period - Wrist shot by Keith Yandle.
10:22 of 1st period - Shot Misses the Net.
10:24 of 1st period - Snap shot by T.J. Oshie.
10:24 of 1st period - Goal by T.J. Oshie - Ice Dragons : 1 - Sasquatch : 2.
10:25 of 1st period - Kris Beech wins face-off versus Derek Stepan in neutral zone.
10:38 of 1st period - Wrist shot by Shean Donovan.
10:38 of 1st period - Shot Misses the Net.
10:50 of 1st period - Danil Markov is hit by Oskar Osala and loses puck.
11:13 of 1st period - Wrist shot by John Mitchell.
11:13 of 1st period - Stopped by Anders Lindback without a rebound.
11:14 of 1st period - Ryan O'Reilly wins face-off versus John Mitchell in Sasquatch zone.
11:53 of 1st period - Snap shot by Brad Staubitz.
11:53 of 1st period - Shot Misses the Net.
11:55 of 1st period - Snap shot by John Mitchell.
11:55 of 1st period - Shot Misses the Net.
11:57 of 1st period - Slapshot by Brad Staubitz.
11:57 of 1st period - Shot Misses the Net.
11:59 of 1st period - Snap shot by Tyler Eckford.
11:59 of 1st period - Stopped by Anders Lindback with a rebound.
12:01 of 1st period - Slapshot by Danny Syvret.
12:01 of 1st period - Shot Blocked by Tyler Johnson.
12:07 of 1st period - Wrist shot by John Mitchell.
12:07 of 1st period - Deflect By Brad Staubitz.
12:07 of 1st period - Shot Blocked by Tyler Johnson.
12:07 of 1st period - Puck is out of play.
12:08 of 1st period - Kris Beech wins face-off versus Jakub Voracek in Sasquatch zone.
12:13 of 1st period - Wrist shot by Troy Brouwer.
12:13 of 1st period - Goal by Troy Brouwer - Ice Dragons : 2 - Sasquatch : 2.
12:14 of 1st period - Kris Beech wins face-off versus Derek Stepan in neutral zone.
12:17 of 1st period - Wrist shot by Troy Brouwer.
12:17 of 1st period - Stopped by Anders Lindback without a rebound.
12:18 of 1st period - Kris Beech wins face-off versus Derek Stepan in Sasquatch zone.
12:21 of 1st period - Snap shot by Troy Brouwer.
12:21 of 1st period - Stopped by Anders Lindback with a rebound.
12:23 of 1st period - Snap shot by Shean Donovan.
12:23 of 1st period - Stopped by Anders Lindback with a rebound.
12:25 of 1st period - Slapshot by Adam Pardy.
12:25 of 1st period - Shot Blocked by Joe Corvo.
12:27 of 1st period - Wrist shot by Kris Beech.
12:27 of 1st period - Goal by Kris Beech - Ice Dragons : 3 - Sasquatch : 2.
12:28 of 1st period - Kris Beech wins face-off versus Derek Stepan in neutral zone.
12:37 of 1st period - Wrist shot by Shean Donovan.
12:37 of 1st period - Shot Blocked by Jake Gardiner.
12:39 of 1st period - Wrist shot by Shean Donovan.
12:39 of 1st period - Goal by Shean Donovan - Ice Dragons : 4 - Sasquatch : 2.
12:39 of 1st period - Jonas Gustavsson enters game.
12:40 of 1st period - Derek Stepan wins face-off versus Kris Beech in neutral zone.
13:16 of 1st period - Slapshot by Keith Yandle.
13:16 of 1st period - Shot Misses the Net.
14:21 of 1st period - Slapshot by Troy Brouwer.
14:21 of 1st period - Shot Misses the Net.
15:12 of 1st period - Icing by Tyler Eckford.
15:13 of 1st period - Stephane Da Costa wins face-off versus Brad Staubitz in Ice Dragons zone.
15:41 of 1st period - Minor Penalty to Derek Stepan for Interference.
15:42 of 1st period - Kris Beech wins face-off versus Tyler Johnson in Sasquatch zone.
16:18 of 1st period - Wrist shot by Denis Shvidki.
16:18 of 1st period - Shot Misses the Net.
16:36 of 1st period - Slapshot by Matt Niskanen.
16:36 of 1st period - Shot Misses the Net.
16:38 of 1st period - Snap shot by Keith Yandle.
16:38 of 1st period - Deflect By Oskar Osala.
16:38 of 1st period - Stopped by Todd Ford with a rebound.
17:41 of 1st period - Penalty to Derek Stepan is over, Derek Stepan is back on ice.
17:56 of 1st period - Peter Harrold is hit by Brandon Bochenski and loses puck.
18:24 of 1st period - Wrist shot by Tyler Johnson.
18:24 of 1st period - Stopped by Todd Ford without a rebound.
18:25 of 1st period - Tyler Johnson wins face-off versus John Mitchell in Ice Dragons zone.
18:39 of 1st period - Penalty Shot by Oskar Osala for Sasquatch.
18:39 of 1st period - Snap shot by Oskar Osala.
18:39 of 1st period - Goal by Oskar Osala - Ice Dragons : 4 - Sasquatch : 3.
18:40 of 1st period - Derek Stepan wins face-off versus Kris Beech in neutral zone.
18:41 of 1st period - Kris Beech wins face-off versus Derek Stepan in Sasquatch zone.
18:59 of 1st period - Jakub Voracek is hit by Adam Pardy and loses puck.
19:16 of 1st period - Slapshot by Keith Yandle.
19:16 of 1st period - Deflect By Oskar Osala.
19:16 of 1st period - Stopped by Todd Ford without a rebound.
19:17 of 1st period - Tyler Johnson wins face-off versus Marc-Antoine Pouliot in Ice Dragons zone.
19:18 of 1st period - Snap shot by T.J. Oshie.
19:18 of 1st period - Stopped by Todd Ford with a rebound.
Goals for this period are 4 for Ice Dragons vs 3 for Sasquatch.
Shots for this period are 11 for Ice Dragons vs 11 for Sasquatch.

2nd period


0:01 of 2nd period - Derek Stepan wins face-off versus Kris Beech in neutral zone.
0:09 of 2nd period - Wrist shot by Troy Brouwer.
0:09 of 2nd period - Stopped by Jonas Gustavsson without a rebound.
0:10 of 2nd period - Kris Beech wins face-off versus Derek Stepan in Sasquatch zone.
0:11 of 2nd period - Wrist shot by Shean Donovan.
0:11 of 2nd period - Shot Misses the Net.
0:13 of 2nd period - Slapshot by Danil Markov.
0:13 of 2nd period - Shot Misses the Net.
0:19 of 2nd period - Snap shot by Troy Brouwer.
0:19 of 2nd period - Stopped by Jonas Gustavsson with a rebound.
0:21 of 2nd period - Wrist shot by Kris Beech.
0:21 of 2nd period - Goal by Kris Beech - Ice Dragons : 5 - Sasquatch : 3.
0:22 of 2nd period - Kris Beech wins face-off versus Derek Stepan in neutral zone.
0:24 of 2nd period - Off-side.
0:25 of 2nd period - Derek Stepan wins face-off versus Kris Beech in neutral zone.
0:38 of 2nd period - Snap shot by Kris Beech.
0:38 of 2nd period - Shot Blocked by Derek Stepan.
0:40 of 2nd period - Snap shot by Kris Beech.
0:40 of 2nd period - Stopped by Jonas Gustavsson with a rebound.
0:54 of 2nd period - Wrist shot by Brandon Bochenski.
0:54 of 2nd period - Stopped by Todd Ford with a rebound.
1:16 of 2nd period - Slapshot by John Mitchell.
1:16 of 2nd period - Goal by John Mitchell - Ice Dragons : 6 - Sasquatch : 3.
1:17 of 2nd period - Kris Beech wins face-off versus Derek Stepan in neutral zone.
1:42 of 2nd period - Denis Shvidki is hit by Oskar Osala and loses puck.
2:14 of 2nd period - Jake Gardiner is hit by John Mitchell and loses puck.
2:57 of 2nd period - Snap shot by Derek Stepan.
2:57 of 2nd period - Shot Misses the Net.
2:59 of 2nd period - Wrist shot by Jakub Voracek.
2:59 of 2nd period - Shot Misses the Net.
3:01 of 2nd period - Wrist shot by Derek Stepan.
3:01 of 2nd period - Shot Blocked by Danny Syvret.
3:17 of 2nd period - Snap shot by T.J. Oshie.
3:17 of 2nd period - Shot Hit the Post.
3:19 of 2nd period - Slapshot by Keith Yandle.
3:19 of 2nd period - Shot Blocked by Danny Syvret.
3:30 of 2nd period - Off-side.
3:31 of 2nd period - Ryan O'Reilly wins face-off versus Marc-Antoine Pouliot in neutral zone.
3:40 of 2nd period - Snap shot by Brandon Bochenski.
3:40 of 2nd period - Shot Misses the Net.
3:42 of 2nd period - Slapshot by Keith Yandle.
3:42 of 2nd period - Stopped by Todd Ford without a rebound.
3:43 of 2nd period - Kris Beech wins face-off versus Derek Stepan in Ice Dragons zone.
3:52 of 2nd period - Snap shot by Shean Donovan.
3:52 of 2nd period - Shot Misses the Net.
3:54 of 2nd period - Wrist shot by Troy Brouwer.
3:54 of 2nd period - Goal by Troy Brouwer - Ice Dragons : 7 - Sasquatch : 3.
3:55 of 2nd period - Derek Stepan wins face-off versus Kris Beech in neutral zone.
4:08 of 2nd period - Troy Brouwer is hit by D.J King and loses puck.
4:51 of 2nd period - Wrist shot by Brad Staubitz.
4:51 of 2nd period - Stopped by Jonas Gustavsson with a rebound.
5:26 of 2nd period - Off-side.
5:27 of 2nd period - Kris Beech wins face-off versus Derek Stepan in neutral zone.
5:40 of 2nd period - Slapshot by Joe Corvo.
5:40 of 2nd period - Stopped by Todd Ford with a rebound.
5:42 of 2nd period - Snap shot by D.J King.
5:42 of 2nd period - Shot Blocked by Kris Beech.
6:36 of 2nd period - Slapshot by Stephane Da Costa.
6:36 of 2nd period - Stopped by Todd Ford with a rebound.
6:38 of 2nd period - Slapshot by Keith Yandle.
6:38 of 2nd period - Stopped by Todd Ford with a rebound.
6:42 of 2nd period - Wrist shot by Stephane Da Costa.
6:42 of 2nd period - Stopped by Todd Ford with a rebound.
6:48 of 2nd period - Slapshot by Keith Yandle.
6:48 of 2nd period - Stopped by Todd Ford with a rebound.
6:58 of 2nd period - Troy Brouwer is hit by Derek Stepan and loses puck.
7:14 of 2nd period - Icing by Troy Brouwer.
7:15 of 2nd period - Tyler Johnson wins face-off versus Marc-Antoine Pouliot in Ice Dragons zone.
7:16 of 2nd period - Snap shot by Oskar Osala.
7:16 of 2nd period - Stopped by Todd Ford without a rebound.
7:17 of 2nd period - Tyler Johnson wins face-off versus Marc-Antoine Pouliot in Ice Dragons zone.
7:18 of 2nd period - Snap shot by T.J. Oshie.
7:18 of 2nd period - Stopped by Todd Ford with a rebound.
7:20 of 2nd period - Slapshot by Tyler Johnson.
7:20 of 2nd period - Deflect By T.J. Oshie.
7:20 of 2nd period - Stopped by Todd Ford without a rebound.
7:21 of 2nd period - Tyler Johnson wins face-off versus Marc-Antoine Pouliot in Ice Dragons zone.
7:47 of 2nd period - Wrist shot by T.J. Oshie.
7:47 of 2nd period - Shot Blocked by Tim Kennedy.
7:49 of 2nd period - Slapshot by Oskar Osala.
7:49 of 2nd period - Stopped by Todd Ford without a rebound.
7:50 of 2nd period - Kris Beech wins face-off versus Derek Stepan in Ice Dragons zone.
7:59 of 2nd period - Wrist shot by Troy Brouwer.
7:59 of 2nd period - Goal by Troy Brouwer - Ice Dragons : 8 - Sasquatch : 3.
7:59 of 2nd period - Anders Lindback enters game.
8:00 of 2nd period - Derek Stepan wins face-off versus Kris Beech in neutral zone.
8:06 of 2nd period - Minor Penalty to Derek Stepan for Interference.
8:07 of 2nd period - Kris Beech wins face-off versus Tyler Johnson in Sasquatch zone.
8:17 of 2nd period - Wrist shot by Troy Brouwer.
8:17 of 2nd period - Shot Blocked by Joe Corvo.
8:19 of 2nd period - Wrist shot by Kris Beech.
8:19 of 2nd period - Shot Misses the Net.
8:53 of 2nd period - Icing by Shean Donovan.
8:54 of 2nd period - Kris Beech wins face-off versus Tyler Johnson in Ice Dragons zone.
8:59 of 2nd period - Snap shot by Troy Brouwer.
8:59 of 2nd period - Shot Blocked by Tyler Johnson.
9:33 of 2nd period - Shean Donovan is hit by Jake Gardiner and loses puck.
10:06 of 2nd period - Penalty to Derek Stepan is over, Derek Stepan is back on ice.
10:20 of 2nd period - Slapshot by Jonathan Blum.
10:20 of 2nd period - Shot Misses the Net.
10:22 of 2nd period - Slapshot by Jonathan Blum.
10:22 of 2nd period - Shot Misses the Net.
10:24 of 2nd period - Slapshot by Brayden McNabb.
10:24 of 2nd period - Shot Misses the Net.
10:26 of 2nd period - Slapshot by Jonathan Blum.
10:26 of 2nd period - Shot Blocked by Matt Niskanen.
10:28 of 2nd period - Wrist shot by Jim O'Brien.
10:28 of 2nd period - Stopped by Anders Lindback with a rebound.
11:23 of 2nd period - Slapshot by Oskar Osala.
11:23 of 2nd period - Stopped by Todd Ford with a rebound.
11:25 of 2nd period - Slapshot by Joe Corvo.
11:25 of 2nd period - Shot Blocked by Tyler Eckford.
12:10 of 2nd period - Oskar Osala is hit by Tim Kennedy and loses puck.
12:50 of 2nd period - Minor Penalty to Brayden McNabb for Hooking.
12:51 of 2nd period - Shean Donovan wins face-off versus Derek Stepan in Ice Dragons zone.
13:53 of 2nd period - Slapshot by Joe Corvo.
13:53 of 2nd period - Shot Misses the Net.
13:55 of 2nd period - Snap shot by T.J. Oshie.
13:55 of 2nd period - Stopped by Todd Ford without a rebound.
13:56 of 2nd period - T.J. Oshie wins face-off versus Shean Donovan in Ice Dragons zone.
13:57 of 2nd period - Snap shot by Oskar Osala.
13:57 of 2nd period - Stopped by Todd Ford without a rebound.
13:58 of 2nd period - Shean Donovan wins face-off versus Tyler Johnson in Ice Dragons zone.
14:09 of 2nd period - Wrist shot by T.J. Oshie.
14:09 of 2nd period - Shot Blocked by Adam Pardy.
14:11 of 2nd period - Slapshot by Matt Niskanen.
14:11 of 2nd period - Shot Blocked by Denis Shvidki.
14:13 of 2nd period - Slapshot by Keith Yandle.
14:13 of 2nd period - Shot Blocked by Danil Markov.
14:25 of 2nd period - Snap shot by Oskar Osala.
14:25 of 2nd period - Stopped by Todd Ford without a rebound.
14:26 of 2nd period - Derek Stepan wins face-off versus Shean Donovan in Ice Dragons zone.
14:41 of 2nd period - Snap shot by D.J King.
14:41 of 2nd period - Stopped by Todd Ford without a rebound.
14:42 of 2nd period - Derek Stepan wins face-off versus Shean Donovan in Ice Dragons zone.
14:50 of 2nd period - Penalty to Brayden McNabb is over, Brayden McNabb is back on ice.
14:51 of 2nd period - Wrist shot by Jakub Voracek.
14:51 of 2nd period - Shot Misses the Net.
14:53 of 2nd period - Wrist shot by Keith Yandle.
14:53 of 2nd period - Stopped by Todd Ford with a rebound.
14:55 of 2nd period - Slapshot by Derek Stepan.
14:55 of 2nd period - Shot Misses the Net.
15:08 of 2nd period - Minor Penalty to Kyle Clifford for Hooking.
15:09 of 2nd period - Tyler Johnson wins face-off versus Kris Beech in Sasquatch zone.
15:33 of 2nd period - Jake Gardiner is hit by Danil Markov and loses puck.
16:50 of 2nd period - Marc-Antoine Pouliot is hit by Keith Yandle and loses puck.
17:08 of 2nd period - Penalty to Kyle Clifford is over, Kyle Clifford is back on ice.
17:19 of 2nd period - Wrist shot by John Mitchell.
17:19 of 2nd period - Shot Blocked by Matt Donovan.
17:56 of 2nd period - Cam Atkinson is hit by Frazer Mclaren.
19:09 of 2nd period - Matt Walker is hit by T.J. Oshie and loses puck.
19:53 of 2nd period - Icing by Joe Corvo.
19:54 of 2nd period - Stephane Da Costa wins face-off versus Jim O'Brien in Sasquatch zone.
Goals for this period are 4 for Ice Dragons vs 0 for Sasquatch.
Shots for this period are 9 for Ice Dragons vs 17 for Sasquatch.

3rd period


0:01 of 3rd period - Kris Beech wins face-off versus Derek Stepan in neutral zone.
1:17 of 3rd period - Minor Penalty to Tim Kennedy for Holding.
1:18 of 3rd period - Tyler Johnson wins face-off versus Shean Donovan in Ice Dragons zone.
1:30 of 3rd period - Wrist shot by T.J. Oshie.
1:30 of 3rd period - Shot Blocked by Shean Donovan.
2:19 of 3rd period - Denis Shvidki is hit by D.J King and loses puck.
3:11 of 3rd period - Stephane Da Costa is hit by Danil Markov and loses puck.
3:17 of 3rd period - Penalty to Tim Kennedy is over, Tim Kennedy is back on ice.
3:24 of 3rd period - Snap shot by Jim O'Brien.
3:24 of 3rd period - Stopped by Anders Lindback with a rebound.
5:11 of 3rd period - Cam Atkinson is hit by Troy Brouwer and loses puck.
5:21 of 3rd period - Off-side.
5:22 of 3rd period - Derek Stepan wins face-off versus Jim O'Brien in neutral zone.
5:25 of 3rd period - Logan MacMillan is hit by Matt Niskanen.
5:29 of 3rd period - Slapshot by Matt Walker.
5:29 of 3rd period - Stopped by Anders Lindback with a rebound.
6:10 of 3rd period - Snap shot by Brandon Bochenski.
6:10 of 3rd period - Shot Misses the Net.
6:20 of 3rd period - Wrist shot by Ryan O'Reilly.
6:20 of 3rd period - Shot Misses the Net.
7:09 of 3rd period - Frazer Mclaren is hit by Oskar Osala and loses puck.
8:17 of 3rd period - Minor Penalty to Jakub Voracek for Goalie Interference.
8:18 of 3rd period - Kris Beech wins face-off versus Tyler Johnson in Sasquatch zone.
8:18 of 3rd period - Snap shot by Troy Brouwer.
8:18 of 3rd period - Stopped by Anders Lindback with a rebound.
8:24 of 3rd period - Kris Beech is hit by Keith Yandle and loses puck.
8:31 of 3rd period - Snap shot by Tyler Johnson.
8:31 of 3rd period - Shot Blocked by Adam Pardy.
8:53 of 3rd period - Matt Niskanen is hit by Danil Markov and loses puck.
9:30 of 3rd period - Marc-Antoine Pouliot is hit by Oskar Osala.
9:51 of 3rd period - Snap shot by Cam Atkinson.
9:51 of 3rd period - Stopped by Todd Ford with a rebound.
9:53 of 3rd period - Wrist shot by Cam Atkinson.
9:53 of 3rd period - Shot Misses the Net.
9:55 of 3rd period - Slapshot by Jake Gardiner.
9:55 of 3rd period - Stopped by Todd Ford without a rebound.
9:56 of 3rd period - Tyler Johnson wins face-off versus Marc-Antoine Pouliot in Ice Dragons zone.
10:17 of 3rd period - Penalty to Jakub Voracek is over, Jakub Voracek is back on ice.
10:23 of 3rd period - Snap shot by Jakub Voracek.
10:23 of 3rd period - Goal by Jakub Voracek - Ice Dragons : 8 - Sasquatch : 4.
10:24 of 3rd period - Kris Beech wins face-off versus Derek Stepan in neutral zone.
10:33 of 3rd period - Wrist shot by Kris Beech.
10:33 of 3rd period - Shot Misses the Net.
10:35 of 3rd period - Snap shot by Kris Beech.
10:35 of 3rd period - Stopped by Anders Lindback with a rebound.
10:37 of 3rd period - Wrist shot by Kris Beech.
10:37 of 3rd period - Shot Blocked by Keith Yandle.
10:39 of 3rd period - Snap shot by Shean Donovan.
10:39 of 3rd period - Shot Misses the Net.
11:05 of 3rd period - Off-side.
11:06 of 3rd period - Tyler Johnson wins face-off versus Marc-Antoine Pouliot in neutral zone.
11:31 of 3rd period - Adam Pardy is hit by Ryan O'Reilly.
11:53 of 3rd period - Slapshot by Danil Markov.
11:53 of 3rd period - Stopped by Anders Lindback with a rebound.
11:59 of 3rd period - Frazer Mclaren is hit by Cam Atkinson and loses puck.
12:29 of 3rd period - Wrist shot by Oskar Osala.
12:29 of 3rd period - Shot Blocked by Jim O'Brien.
12:31 of 3rd period - Slapshot by Joe Corvo.
12:31 of 3rd period - Deflect By Oskar Osala.
12:31 of 3rd period - Shot Misses the Net.
12:31 of 3rd period - Puck is out of play.
12:32 of 3rd period - Tyler Johnson wins face-off versus Jim O'Brien in Ice Dragons zone.
12:57 of 3rd period - Slapshot by Troy Brouwer.
12:57 of 3rd period - Stopped by Anders Lindback with a rebound.
12:59 of 3rd period - Snap shot by Shean Donovan.
12:59 of 3rd period - Stopped by Anders Lindback with a rebound.
13:01 of 3rd period - Snap shot by Kris Beech.
13:01 of 3rd period - Shot Misses the Net.
13:23 of 3rd period - Wrist shot by Tim Kennedy.
13:23 of 3rd period - Stopped by Anders Lindback with a rebound.
13:28 of 3rd period - Brandon Bochenski beats up Denis Shvidki.
13:28 of 3rd period - Penalty to Brandon Bochenski for Fighting.
13:28 of 3rd period - Penalty to Denis Shvidki for Fighting.
13:28 of 3rd period - Penalty to Denis Shvidki for instigated a fight.
13:28 of 3rd period - Penalty to Denis Shvidki for instigated a fight.
13:29 of 3rd period - Shean Donovan wins face-off versus Derek Stepan in neutral zone.
13:34 of 3rd period - D.J King is hit by Danil Markov and loses puck.
14:01 of 3rd period - Wrist shot by Oskar Osala.
14:01 of 3rd period - Shot Hit the Post.
15:28 of 3rd period - Penalty to Denis Shvidki is over, Brad Staubitz is send on ice.
15:55 of 3rd period - Joe Corvo is hit by Danny Syvret and loses puck.
17:00 of 3rd period - T.J. Oshie is hit by Shean Donovan and loses puck.
18:51 of 3rd period - Slapshot by Shean Donovan.
18:51 of 3rd period - Stopped by Anders Lindback with a rebound.
Goals for this period are 0 for Ice Dragons vs 1 for Sasquatch.
Shots for this period are 9 for Ice Dragons vs 3 for Sasquatch.


Output by the SimonT Hockey Simulator (STHS) for François Prévost -- Original Page W3C XHTML 1.0 Valid
Hockey Simulator - Hockey Simulation - Hockey Manager